 Dungeon Crawl Stone Soup version 0.19.5 (webtiles) character file.

62 tourn the Charmwright (level 4, 0/34 HPs)
             Began as a Human Skald on Mar 25, 2017.
             Was an Initiate of Ru.
             Succumbed to an adder's poison
             ... on level 3 of the Dungeon.
             The game lasted 00:14:10 (1955 turns).

tourn the Charmwright (Human Skald)                 Turns: 1955, Time: 00:14:10

Health: 0/34       AC:  3    Str: 13    XL:     4   Next: 28%
Magic:  7/7        EV: 11    Int: 13    God:    Ru [......]
Gold:   28         SH:  0    Dex: 12    Spells: 1 memorised, 6 levels left

rFire  . . .     SeeInvis .     a - +0 spear
rCold  . . .     Gourm    .     b - +0 leather armour
rNeg   . . .     Faith    .     (no shield)
rPois  .         Spirit   .     (no helmet)
rElec  .         Reflect  .     (no cloak)
rCorr  .         Harm     .     (no gloves)
MR     .....                    (no boots)
Stlth  +.........               (no amulet)
                                (no ring)
                                (no ring)

@: lethally poisoned (0 -> -15)
A: no striking features
a: Renounce Religion


You were on level 3 of the Dungeon.
You worshipped Ru.
Ru was noncommittal.
You were not hungry.

You visited 1 branch of the dungeon, and saw 3 of its levels.

You collected 28 gold pieces.

Inventory:

Hand Weapons
 a - a +0 spear (weapon)
 f - a +0 hunting sling
 h - a +0 whip
Missiles
 j - 62 stones (quivered)
 m - 2 javelins
Armour
 b - a +0 leather armour (worn)
Scrolls
 i - 2 scrolls of identify {unknown}
 l - a scroll of remove curse {unknown}
 n - a scroll of enchant weapon {unknown}
Potions
 e - 2 potions of degeneration {unknown}
 k - a potion of curing {unknown}
 p - a potion of cancellation {unknown}
Books
 c - a book of Battle

   Spells                             Type                      Level
   a - Infusion                       Charms                       1
   b - Shroud of Golubria             Charms/Translocation         2
   c - Song of Slaying                Charms                       2
   d - Spectral Weapon                Hexes/Charms                 3
   e - Regeneration                   Charms/Necromancy            3
Comestibles
 d - a bread ration
 g - 5 chunks of flesh
 o - a meat ration


   Skills:
 + Level 2.5 Fighting
 + Level 2.4 Polearms
 + Level 0.2 Slings
 + Level 1.6 Armour
 + Level 1.4 Dodging
 + Level 0.2 Stealth
 + Level 2.2 Spellcasting
 + Level 3.5 Charms


You had 6 spell levels left.
You knew the following spells:

 Your Spells              Type           Power        Failure   Level  Hunger
a - Infusion              Chrm           ##..         10%         1    ##.....


Dungeon Overview and Level Annotations

Branches:
Dungeon (3/15)

Altars:
Cheibriados
Makhleb
Ru


Message History

You are more poisoned.
The adder poisons you!
You closely miss the adder.
The adder is almost dead.
The adder bites you.
* * * LOW HITPOINT WARNING * * *
You are lethally poisoned!
The adder poisons you!
* * * LOW HITPOINT WARNING * * *
You feel sick. The adder closely misses you.
You hit the adder.
The adder is heavily wounded.
* * * LOW HITPOINT WARNING * * *
You feel sick. The adder bites you.
* * * LOW HITPOINT WARNING * * *
You are more poisoned.
The adder poisons you! The adder barely misses you. x2
Unknown command.
Unknown command.
You die...

#..# #..## ###########
#...# ####..#......#
#+##...# #..>..#......#
...(... #............#
......# #............
......####....S...#
.........'....S.@.+
.....#####...#K...########
.....+ +...+....'.....<#
...(S# #...#....########
.K...# #####....# .......
#....# #........ #....#
#...K.....# #....#
#.........# #....#


You could see 2 adders and a kobold.

Vanquished Creatures
  2 adders (D:2)
  An ooze (D:2)
  2 leopard geckos (D:1)
  7 goblins
  3 hobgoblins
  5 jackals
  A quokka (D:2)
  3 bats (D:1)
  A frilled lizard (D:1)
  5 kobolds
  6 rats
36 creatures vanquished.

Notes
Turn   | Place    | Note
-------+----------+-------------------------------------------
     0 | D:1      | tourn the Human Skald began the quest for the Orb.
     0 | D:1      | Reached XP level 1. HP: 16/16 MP: 3/3
   291 | D:1      | Reached XP level 2. HP: 15/22 MP: 5/5
   837 | D:1      | Reached XP level 3. HP: 28/28 MP: 6/6
  1132 | D:2      | Found a burning altar of Makhleb.
  1132 | D:2      | Noticed a blizzard demon
  1147 | D:2      | Noticed a neqoxec
  1147 | D:2      | Noticed a ynoxinul
  1559 | D:2      | Reached XP level 4. HP: 19/34 MP: 7/7
  1730 | D:2      | Found a sacrificial altar of Ru.
  1774 | D:2      | Became a worshipper of Ru the Awakened
  1866 | D:2      | Found a snail-covered altar of Cheibriados.
  1954 | D:3      | HP: 1/34 [adder (3)]
  1955 | D:3      | Succumbed to an adder's poison

Action                   |  1- 3 |  4- 6 || total
-------------------------+-------+-------++-------
Melee: Spear             |    98 |    30 ||   128
 Fire: Hunting sling     |     4 |       ||     4
 Cast: Infusion          |     2 |     1 ||     3
  Eat: Chunk             |     1 |     1 ||     2
       Beef jerky        |     1 |       ||     1
Armor: Leather armour    |    18 |     3 ||    21
Dodge: Dodged            |    56 |    19 ||    75
